Map: Eternal Empire LE

Players

Kelazhur - Winner!

  • Race: Terran Terran
  • League: Master
  • Spawn Location: 1:00

Erik

  • Race: Zerg Zerg
  • Spawn Location: 7:00

VOD

Have the link to the VOD?

Description

Time

  • Played on: July 26, 2020, 6:53 p.m.
  • Length: 20:41
Show
View Real Time Build Order
Export as new Build Order

Kelazhur Terran - Winner!

Build Orders: Liberator Opening, Reaper Expand 

Get SALT Encoding   

  12  0:00  SCV  
  13  0:12  SCV  
  14  0:17  Supply Depot  
  14  0:25  SCV  
  15  0:38  SCV  
  15  0:40  Barracks  
  16  0:44  Refinery  
  16  0:50  SCV  
  17  1:03  SCV  
  18  1:15  SCV  
  19  1:27  Reaper, Orbital Command  
  20  1:39  Command Center  
  20  1:48  Supply Depot  
  20  1:53  SCV  
  21  1:59  Reaper  
  22  2:02  Refinery  
  22  2:05  SCV  
  23  2:17  SCV  
  24  2:23  Factory  
  24  2:29  SCV  
  25  2:34  Barracks Reactor  
  25  2:41  SCV  
  26  2:53  SCV, Orbital Command  
  27  3:05  SCV  
  28  3:10  Starport  
  28  3:17  SCV  
  28  3:18  SCV  
  28  3:19  Hellion x2  
  34  3:29  SCV  
  34  3:30  SCV  
  35  3:41  SCV, Hellion x2  
  39  3:44  SCV  
  39  3:48  Liberator  
  44  3:51  Supply Depot  
  44  3:55  SCV  
  44  3:56  Command Center  
  44  3:57  SCV  
  46  4:07  Barracks Tech Lab  
  46  4:13  SCV  
  46  4:15  SCV  
  48  4:20  Supply Depot, Factory Tech Lab  
  48  4:21  Barracks  
  48  4:25  Barracks  
  48  4:26  SCV  
  48  4:28  Marine  
  48  4:29  Stimpack  
  48  4:31  SCV  
  51  4:35  Starport Reactor  
  51  4:36  Supply Depot  
  51  4:38  SCV  
  51  4:43  SCV, Siege Tank  
  56  4:50  SCV, Engineering Bay x2  
  57  4:56  SCV  
  57  4:57  Marine  
  58  5:03  SCV, Refinery  
  58  5:04  Refinery  
  59  5:09  Orbital Command  
  59  5:14  Marine x2  
  59  5:15  Marine  
  59  5:16  SCV  
  59  5:20  Siege Tank  
  66  5:21  SCV  
  66  5:22  Starport Reactor  
  66  5:23  Marine x2  
  66  5:25  Terran Infantry Armor Level 1  
  69  5:30  Terran Infantry Weapons Level 1  
  69  5:32  Marine  
  69  5:34  SCV x2, Orbital Command  
  73  5:40  Marine x2  
  73  5:42  Supply Depot  
  74  5:46  SCV  
  75  5:50  Marine x3  
  75  5:51  SCV  
  75  5:52  Siege Tank  
  75  5:55  Supply Depot  
  82  5:58  SCV  
  82  5:59  Marine x2  
  85  6:04  SCV, Medivac x2  
  85  6:07  SCV, Marine  
  85  6:08  Supply Depot  
  85  6:10  SCV  
  93  6:12  Armory  
  93  6:14  Marine x2  
  93  6:17  SCV, Supply Depot  
  94  6:19  SCV  
  94  6:22  Supply Depot  
  95  6:27  Marine x2, Siege Tank  
  95  6:28  SCV  
  95  6:30  SCV  
  95  6:32  SCV  
  101  6:33  Marine x2  
  101  6:34  Marine  
  104  6:40  SCV  
  104  6:42  SCV, Supply Depot  
  106  6:47  Marine  
  106  6:49  Marine  
  106  6:50  Combat Shield  
  106  6:52  SCV  
  109  6:55  SCV, Barracks x2  
  110  7:08  Medivac x2, Marine  
  112  7:09  Marine x4  
  112  7:12  SCV x3, Supply Depot  
  120  7:20  Siege Tank  
  123  7:25  Supply Depot  
  123  7:26  Marine  
  123  7:29  SCV  
  125  7:30  Command Center  
  125  7:33  Barracks  
  125  7:34  Barracks  
  125  7:35  Terran Infantry Weapons Level 2  
  125  7:37  Barracks  
  125  7:38  Supply Depot  
  125  7:40  Terran Infantry Armor Level 2  
  125  7:51  Barracks Reactor x2, Marine  
  125  7:54  Marine x3  
  129  7:59  Medivac x2, Marine  
  134  8:09  Marine  
  134  8:11  Marine  
  134  8:12  Marine x2  
  138  8:17  SCV, Marine  
  138  8:18  SCV  
  138  8:19  Supply Depot, Refinery  
  141  8:20  Supply Depot, Siege Tank  
  141  8:21  Marine, Factory  
  141  8:25  Marine x2  
  147  8:27  Marine  
  147  8:29  Marine x2  
  147  8:30  Medivac, Marine  
  147  8:32  Marine  
  147  8:33  Marine x3  
  154  8:35  Marine  
  154  8:39  Marine  
  156  8:45  Marine  
  156  8:46  Marine  
  156  8:47  Marine  
  156  8:48  Marine  
  160  8:53  Medivac, Marauder, Siege Tank  
  167  8:57  Refinery  
  167  8:59  Marine  
  167  9:00  Marine x2  
  170  9:04  Medivac  
  170  9:09  Marine x4  
  150  9:10  Marine x4  
  150  9:14  Marine  
  146  9:17  Marine x2  
  146  9:18  Marine  
  146  9:23  Medivac  
  139  9:24  Factory Tech Lab  
  139  9:25  Siege Tank  
  139  9:26  SCV x3, Marine  
  139  9:27  Marine x7  
  139  9:29  Planetary Fortress  
  153  9:32  Marine  
  153  9:35  Marine x2  
  153  9:36  Marine  
  153  9:38  Terran Vehicle Weapons Level 1, SCV x3  
  158  9:44  Marine  
  158  9:45  Marine x5  
  162  9:48  Marine  
  162  9:50  SCV x2, Marauder  
  171  9:54  Siege Tank  
  171  9:57  Supply Depot, Siege Tank  
  177  10:10  Missile Turret, Command Center  
  177  10:11  Marauder  
  177  10:13  Medivac x2  
  183  10:16  Barracks Tech Lab x2  
  183  10:26  Siege Tank  
  186  10:32  Siege Tank  
  186  10:34  Marauder, Marine x5  
  196  10:37  Unknown  
  196  10:39  Sensor Tower  
  196  10:42  Supply Depot  
  196  10:44  Marauder, Marine x2  
  196  10:47  Marauder, Marine  
  196  10:48  Marine  
  195  10:57  Supply Depot x2  
  195  11:04  Marauder, Siege Tank  
  199  11:06  Marauder  
  199  11:09  Marauder, Marine x4  
  200  11:15  Terran Infantry Weapons Level 3  
  200  11:16  Sensor Tower  
  198  11:24  Marine  
  199  11:32  Command Center  
  199  11:34  Command Center  
  199  11:39  Marauder x2  
  197  11:42  Marauder  
  197  11:46  Marine  
  197  11:47  Marine  
  197  11:53  Marine  
  197  11:54  Marine  
  198  11:55  Terran Vehicle Weapons Level 2  
  198  11:56  Barracks Tech Lab  
  199  12:13  Marauder, Marine  
  200  12:19  Siege Tank  
  200  12:20  Marauder  
  200  12:22  Barracks  
  200  12:25  Starport, Fusion Core  
  200  12:26  Starport  
  200  12:33  Terran Infantry Armor Level 3  
  200  12:42  Marauder x2  
  200  12:43  Marauder  
  200  12:47  Orbital Command x2  
  200  13:04  Starport Reactor x2  
  200  13:14  Advanced Ballistics, Missile Turret  
  200  13:18  Armory  
  200  13:21  Sensor Tower  
  200  13:23  Marine  
  200  13:26  Marine  
  199  13:31  Marine  
  199  13:41  Marine  
  199  13:47  Planetary Fortress  
  197  13:54  Marine  
  197  13:55  Marauder  
  185  14:02  Marauder x2  
  189  14:05  Marauder, Marine x7  
  198  14:12  Marine  
  199  14:18  Command Center  
  199  14:21  Command Center  
  199  14:22  Command Center, Marine  
  199  14:24  Marauder x2  
  185  14:25  Marauder  
  185  14:26  Marauder, Marine x6  
  185  14:27  Siege Tank  
  185  14:29  Marine  
  185  14:30  Liberator x3  
  169  14:40  Marine  
  169  14:43  Marine  
  169  14:44  Marine, Liberator x3  
  169  14:45  Marauder  
  167  14:46  Siege Tank  
  167  14:47  Terran Vehicle Weapons Level 3  
  167  14:48  Terran Ship Weapons Level 1  
  167  14:51  Weapon Refit  
  170  14:55  Marine  
  170  14:56  Marauder x2  
  170  14:59  Marauder, Siege Tank  
  180  15:03  Marine x4  
  180  15:06  Marauder  
  186  15:14  Liberator x3  
  186  15:18  Siege Tank  
  198  15:33  Marauder  
  188  15:53  Marine  
  188  15:54  Marauder x2, Marine x9  
  177  16:00  Liberator  
  177  16:01  Liberator  
  158  16:11  Marine x2  
  158  16:12  Marine x6  
  158  16:14  Siege Tank  
  158  16:15  Marine  
  157  16:31  Marine x3  
  157  16:32  Marine x2  
  151  16:35  Marauder x3, Marine x2  
  151  16:37  Medivac x3  
  164  16:49  Marine x3  
  164  16:52  Marine  
  164  16:54  Marauder, Marine  
  162  16:55  Marine  
  162  16:56  Marauder, Marine x2  
  164  17:04  Medivac  
  164  17:07  Marine x3  
  164  17:10  Marine  
  164  17:12  Marine, Siege Tank x2  
  164  17:13  Terran Ship Weapons Level 2  
  164  17:15  Marauder x3  
  178  17:16  Orbital Command  
  178  17:17  Orbital Command  
  178  17:23  Marauder, Marine  
  178  17:24  Terran Vehicle And Ship Armor Level 1, Marine  
  178  17:28  Medivac x2, Marine  
  178  17:29  Marine  
  188  17:36  Marauder x2  
  189  17:43  Medivac  
  180  17:48  Marauder x2, Marine x3  
  180  17:49  Marine x2  
  180  17:51  Marine  
  190  17:52  Siege Tank  
  190  17:57  Marine x2  
  190  17:58  Medivac x2  
  193  18:06  Marine x5  
  193  18:09  Marauder  
  193  18:10  Refinery x2  
  183  18:27  Liberator x2  
  183  18:29  Marauder  
  183  18:32  Marine x6  
  193  18:35  Liberator  
  193  18:37  Planetary Fortress  
  193  18:39  Refinery  
  193  18:40  Refinery  
  192  18:41  Ghost Academy  
  192  18:42  Marauder x2  
  192  18:44  Marine  
  155  18:50  Marine x7  
  144  19:00  SCV x4  
  144  19:01  Barracks  
  144  19:02  Marine  
  149  19:03  Marine x2  
  149  19:07  Marine  
  149  19:08  Marauder, Marine x2  
  156  19:10  Medivac, Marine  
  156  19:16  Marine x2  
  161  19:17  Siege Tank  
  161  19:19  Siege Tank  
  161  19:20  Marauder  
  161  19:21  Concussive Shells, Marauder, Marine  
  172  19:25  SCV, Marine  
  172  19:26  SCV x3  
  172  19:27  SCV  
  172  19:28  SCV  
  181  19:34  Marauder  
  183  19:39  Marauder, Marine  
  183  19:40  Marine x4  
  184  19:59  Barracks Tech Lab  
  184  20:01  Marine  
  184  20:03  Marine x7  
  192  20:16  Marauder x2  
Show
View Real Time Build Order
Export as new Build Order

Erik Zerg 

Build Orders: Hatch First, Lurkers 

Get SALT Encoding   

  12  0:01  Drone  
  13  0:08  Drone  
  14  0:14  Extractor  
  14  0:15  Drone  
  15  0:37  Hatchery  
  15  0:42  Extractor  
  13  0:43  Drone  
  13  0:49  Overlord  
  15  1:03  Spawning Pool  
  14  1:07  Drone  
  14  1:11  Drone  
  16  1:14  Extractor  
  16  1:16  Drone  
  16  1:20  Drone  
  17  1:29  Drone  
  18  1:40  Drone  
  19  1:50  Queen x2  
  19  1:52  Zergling x2  
  24  1:55  Zergling x2  
  24  2:00  Drone  
  26  2:06  Overlord  
  26  2:13  Metabolic Boost  
  26  2:16  Drone  
  26  2:18  Drone  
  28  2:26  Drone x2  
  30  2:33  Queen  
  32  2:38  Spore Crawler  
  32  2:43  Drone x2  
  34  2:56  Overlord  
  34  2:58  Drone x3  
  36  3:05  Overlord  
  36  3:16  Drone x6  
  42  3:29  Queen  
  42  3:30  Drone x2  
  45  3:43  Hatchery, Lair  
  45  3:44  Drone x3  
  45  3:48  Zergling x4  
  49  3:49  Zergling x2  
  49  3:55  Extractor x2  
  49  3:56  Drone x3  
  49  4:01  Drone  
  52  4:04  Overlord  
  52  4:06  Extractor, Baneling Nest  
  50  4:14  Queen  
  50  4:15  Overlord  
  52  4:19  Overlord  
  52  4:24  Drone x4  
  52  4:29  Drone  
  57  4:32  Drone  
  57  4:37  Evolution Chamber  
  57  4:38  Evolution Chamber  
  56  4:47  Hydralisk Den  
  55  4:53  Drone x5  
  60  5:00  Drone  
  60  5:01  Queen  
  60  5:04  Zerg Melee Weapons Level 1, Zerg Ground Armor Level 1  
  63  5:10  Overlord  
  63  5:13  Drone x3  
  63  5:17  Drone x2  
  65  5:22  Zergling x2  
  65  5:30  Muscular Augments  
  65  5:32  Drone x2  
  65  5:34  Drone x2  
  69  5:37  Drone x2  
  69  5:39  Drone  
  72  5:45  Drone x4  
  72  5:46  Drone  
  76  5:56  Drone  
  76  5:57  Overlord, Drone, Extractor  
  78  6:02  Hydralisk  
  78  6:03  Hydralisk x3  
  85  6:07  Hydralisk  
  85  6:08  Hydralisk  
  89  6:16  Overlord  
  89  6:17  Hydralisk x3  
  95  6:25  Spore Crawler  
  94  6:35  Zergling x24  
  106  6:49  Hatchery  
  106  6:54  Overlord x4  
  105  6:56  Baneling x6  
  102  7:10  Grooved Spines  
  102  7:11  Overlord  
  102  7:12  Hatchery, Overlord  
  102  7:13  Hydralisk  
  102  7:14  Hydralisk x4  
  111  7:19  Drone  
  111  7:20  Infestation Pit  
  110  7:31  Drone x2  
  110  7:36  Zerg Ground Armor Level 2, Zerg Melee Weapons Level 2  
  112  7:38  Zergling x12  
  112  7:41  Centrifical Hooks, Baneling  
  118  7:44  Baneling x3  
  118  7:48  Hydralisk x3  
  118  7:50  Hydralisk  
  125  7:58  Lurker Den  
  125  8:02  Hydralisk x4  
  127  8:15  Zergling x2  
  127  8:16  Zergling x18  
  135  8:33  Zergling x2  
  135  8:34  Zergling x12  
  140  8:38  Baneling x11  
  140  8:45  Zergling x2  
  140  8:46  Zergling x8  
  145  8:53  Hive  
  145  8:57  Baneling x3  
  145  8:58  Drone x2  
  144  9:09  Drone  
  124  9:10  Drone x8  
  108  9:22  Drone x9  
  106  9:28  Zergling x4  
  108  9:32  Lurker  
  108  9:34  Lurker x3  
  108  9:35  Lurker  
  108  9:37  Hydralisk x3  
  119  9:40  Unknown  
  118  9:48  Extractor  
  118  9:49  Hydralisk x3  
  122  9:59  Zergling x20  
  129  10:12  Viper  
  132  10:15  Viper  
  132  10:18  Zergling x16  
  132  10:19  Zergling x8  
  147  10:27  Zergling x4  
  147  10:28  Hatchery  
  145  10:34  Zergling x2  
  145  10:35  Zergling x4  
  148  10:45  Adaptive Talons  
  148  10:56  Zergling x2  
  148  10:57  Zergling x12  
  151  10:59  Overlord x4  
  151  11:14  Overlord x2  
  151  11:18  Overlord  
  151  11:24  Lurker x6  
  152  11:35  Hydralisk x4  
  159  11:42  Seismic Spines  
  152  11:47  Zergling x18  
  160  11:55  Baneling  
  160  11:56  Baneling x9  
  152  12:03  Zergling x12  
  152  12:08  Drone x3  
  158  12:17  Drone x4  
  159  12:27  Hydralisk  
  159  12:28  Hydralisk x3  
  165  12:33  Drone x6  
  164  12:48  Hydralisk  
  164  12:49  Unknown, Hydralisk x7  
  179  12:59  Zergling x10  
  179  13:01  Adrenal Glands  
  184  13:09  Overseer  
  184  13:13  Zergling x2  
  184  13:14  Zergling x10  
  190  13:20  Lurker  
  190  13:21  Lurker  
  192  13:32  Overlord  
  192  13:33  Overlord  
  172  13:47  Overlord  
  158  13:59  Hydralisk x2  
  158  14:00  Hydralisk x14  
  183  14:12  Zergling x2  
  183  14:13  Zergling x8  
  172  14:31  Zergling x12  
  161  14:40  Hydralisk  
  161  14:41  Hydralisk x3  
  149  14:52  Drone x4  
  153  14:57  Extractor  
  153  14:59  Lurker x4  
  156  15:01  Hatchery  
  156  15:04  Hydralisk x4  
  163  15:11  Zergling x4  
  163  15:12  Queen  
  167  15:18  Viper x2  
  173  15:29  Pneumatized Carapace  
  173  15:32  Zergling x4  
  173  15:33  Zergling x14  
  167  15:47  Zergling x10  
  148  16:13  Zergling x6  
  148  16:14  Zergling x10  
  122  16:32  Hydralisk  
  122  16:33  Hydralisk x3  
  124  16:51  Hydralisk x6  
  131  17:04  Hydralisk x3  
  128  17:11  Zergling x6  
  128  17:13  Zergling x6  
  131  17:23  Zergling x6  
  131  17:28  Extractor  
  133  17:34  Zergling x8  
  125  17:50  Hydralisk  
  125  17:51  Hydralisk x9  
  145  18:03  Hydralisk x4  
  146  18:07  Lurker  
  146  18:08  Lurker x2  
  149  18:15  Zergling x8  
  131  18:30  Zergling x2  
  131  18:31  Zergling x10  
  136  18:38  Zergling x2  
  136  18:39  Zergling x2  
  105  18:49  Zergling x10  
  102  18:58  Zergling x4  
  102  19:17  Lurker x7  
  102  19:21  Lurker  
  102  19:24  Lurker  
  108  19:48  Hydralisk x4  
  113  20:16  Hydralisk  
  113  20:17  Hydralisk x2  
Tags
 
Add a new tag
Caveats
  • Supply blocks, unpowered buildings, or Contaminate may cause inaccurate times.
  • Supply counts are checked every 10 seconds.